 Dungeon Crawl Stone Soup version 0.29.0-13-gc9e81de378 (webtiles) character file.

Game seed: 11691763145731980317

182 sanboga the Shield-Bearer (level 5, -2/36 HPs)
             Began as a Gargoyle Fighter on Sept 9, 2022.
             Slain by a gnoll
             ... wielding the +9 spear "Xywk" {pain, rF++ rC- Str+4 Int+2}
              (8 damage)
             ... on level 3 of the Dungeon.
             The game lasted 00:04:09 (3316 turns).

sanboga the Shield-Bearer (Gargoyle Fighter)        Turns: 3316, Time: 00:04:09

Health: -2/36      AC: 18    Str: 20    XL:     5   Next: 61%
Magic:  5/5        EV:  7    Int:  8    God:
Gold:   196        SH:  4    Dex:  9    Spells: 4/4 levels left

rFire   . . .      SeeInvis .   a - +0 war axe
rCold   . . .      Faith    .   c - +0 buckler
rNeg    + . .      Spirit   .   h - +0 chain mail
rPois   ∞          Reflect  .   (no helmet)
rElec   +          Harm     .   (no cloak)
rCorr   .          Rampage  .   (no gloves)
Will    .....                   (no boots)
Stlth   ..........              (no amulet)
HPRegen 0.12/turn               i - +4 ring of protection
MPRegen 0.09/turn               (no ring)

@: mighty
A: sickness immunity, AC +4, negative energy resistance 1, electricity
resistance, torment resistance 1, petrification resistance, robust 1, shaggy fur
1, weak 1
a: no special abilities


You were on level 3 of the Dungeon.
You visited 1 branch of the dungeon, and saw 3 of its levels.

You collected 196 gold pieces.

Inventory:

Hand Weapons
 a - a +0 war axe (weapon)
Armour
 c - a +0 buckler (worn)
 h - a +0 chain mail (worn)
Jewellery
 i - a +4 ring of protection (left hand)
Wands
 k - a wand of iceblast (10)
 o - a wand of polymorph (11)
Scrolls
 e - a scroll of identify {unknown}
 f - 2 scrolls of butterflies {unknown}
 l - a scroll of enchant armour {unknown}
 n - a scroll of vulnerability {unknown}
 p - 2 scrolls of torment {unknown}
 q - a scroll of magic mapping {unknown}
Potions
 b - a potion of mutation
 d - a potion of might
 j - a potion of ambrosia {unknown}
 r - a potion of magic {unknown}
 s - 2 potions of degeneration {unknown}


   Skills:
 + Level 4.1 Fighting
 * Level 3.4 Axes
 + Level 4.1 Armour
 + Level 4.2 Shields


You had 4 spell levels left.
You didn't know any spells.
Your spell library contained the following spells:

 Spells                   Type           Power      Damage    Failure   Level
 Magic Dart               Conj           0%         1d3       99%         1
 Blink                    Tloc           0%         N/A       100%        2
 Searing Ray              Conj           0%         2d4       100%        2
 Lesser Beckoning         Tloc           0%         N/A       100%        3
 Fulminant Prism          Conj/Hex       0%         3d6       100%        4
 Manifold Assault         Tloc           0%         N/A       100%        5


Dungeon Overview and Level Annotations

Branches:
Dungeon (3/15)

Altars:
Qazlal
Vehumet

Shops:
D:1 [

Annotations:
D:3 benadryl's ghost, amateur TrEE


Innate Abilities, Weirdness & Mutations

You are immune to sickness and miasma.
Your stone body is resilient. (AC +4)
You are immune to poison.
You resist negative energy. (rN+)
You are resistant to electric shocks. (rElec)
You are resistant to unholy torment.
You are immune to petrification.
You are robust. (+10% HP)
You are covered in fur. (AC +1)
You are weak. (Str -2)


Message History

Benadryl's ghost whispers, "There is no future for you."
The gnoll shouts!
The gnoll hits you but does no damage.
There is an open translucent door here.
The gnoll zaps a wand.
The puff of flame hits you.
Sorry, you're not good enough to have a special ability.
You feel very mighty all of a sudden.
The gnoll hits you but does no damage. x2
You slash the gnoll!
You kill the gnoll!
You barely miss benadryl's ghost.
Benadryl's ghost whispers, "You will understand me better in a moment."
Benadryl's ghost hits you.
The gnoll throws a throwing net.
The throwing net hits you.
You become entangled in the net!
You struggle against the net.
Benadryl's ghost hits you but does no damage.
The gnoll hits you but does no damage.
You struggle against the net.
Benadryl's ghost hits you but does no damage.
The gnoll hits you from afar with the +9 spear "Xywk" {pain, rF++ rC- Str+4 Int+2}.
You struggle against the net.
Benadryl's ghost hits you but does no damage.
The gnoll hits you from afar with the +9 spear "Xywk" {pain, rF++ rC- Str+4 Int+2}.
You rip the net and break free!
Benadryl's ghost hits you but does no damage.
The gnoll hits you from afar with the +9 spear "Xywk" {pain, rF++ rC- Str+4 Int+2}!
The gnoll hits you with the +9 spear "Xywk" {pain, rF++ rC- Str+4 Int+2}.
* * * LOW HITPOINT WARNING * * *
Things that are here:
a +0 halberd; a wand of flame (21)
You block the gnoll's attack.
There is a transporter here.
You enter the transporter and appear at another place.
Benadryl's ghost hits you but does no damage.
You block the gnoll's attack.
You slash benadryl's ghost!
Benadryl's ghost is moderately damaged.
You closely miss the gnoll.
The gnoll hits you with the +9 spear "Xywk" {pain, rF++ rC- Str+4 Int+2}!
You die...

##############
#################............#
#............................#
#.≈≈≈≈≈≈≈≈≈≈≈≈~≈≈≈≈≈≈≈≈≈≈≈≈..#
#.≈≈≈≈≈≈≈≈≈≈≈≈~≈≈≈≈≈≈≈≈≈≈≈≈..#
###.≈≈#####......g....#####≈≈..#
#...≈≈#...#.###.@W###.#...#≈≈..#
#.#.≈≈#...###.#####.###...#≈≈..#
#.#.≈≈###g..............###≈≈..#
..#.≈≈.8#.######'######.#8.≈≈..#
.##.≈≈.##)#...#8..#.⌠.#.##.≈≈..#
..#.~~.#..'..:#⌠g...).'.g#.~~..#
....≈≈.##.#$..#8..#.⌠.#.##.≈≈..#
....≈≈.8#.######'######.#8.≈≈..#
....≈≈###.....).....?...###≈≈..#


You could see benadryl's ghost and 2 gnolls.

Vanquished Creatures
  An orc wizard (D:3)
  4 gnolls
  4 adders (D:3)
  3 dart slugs
  9 orcs
  4 bats
  6 endoplasms
  2 giant cockroaches (D:1)
  5 goblins
  5 hobgoblins
  4 kobolds
  3 quokkas
  8 ball pythons
  3 frilled lizards
  8 rats
69 creatures vanquished.

Vanquished Creatures (others)
  55 plants (D:3)
55 creatures vanquished.

Grand Total: 124 creatures vanquished

Notes
Turn   | Place    | Note
-------+----------+-------------------------------------------
     0 | D:1      | sanboga the Gargoyle Fighter began the quest for the Orb.
     0 | D:1      | Reached XP level 1. HP: 14/14 MP: 1/1
    85 | D:1      | Reached XP level 2. HP: 18/19 MP: 2/2
   531 | D:1      | Reached XP level 3. HP: 23/23 MP: 3/3
   828 | D:1      | Found a faded altar of an unknown god.
   950 | D:1      | Found Keinlam's Armour Emporium.
  1437 | D:2      | Reached XP level 4. HP: 25/29 MP: 4/4
  1542 | D:2      | Identified the +1 robe "Lamnoz" {Harm rPois Slay-3 SInv}
  2380 | D:3      | Found a transporter.
  2380 | D:3      | Found a transporter.
  2408 | D:3      | Identified the +9 spear "Xywk" {pain, rF++ rC- Str+4 Int+2}
  2427 | D:3      | Gained mutation: You are weak. (Str -2) [potion of
                  | mutation]
  2427 | D:3      | Gained mutation: You are robust. (+10% HP) [potion of
                  | mutation]
  2427 | D:3      | Gained mutation: You are covered in fur. (AC +1) [potion of
                  | mutation]
  2455 | D:3      | Reached XP level 5. HP: 30/36 MP: 5/5
  2665 | D:3      | Found a stormy altar of Qazlal.
  2712 | D:3      | Found a radiant altar of Vehumet.
  2933 | D:3      | Noticed benadryl's ghost (amateur TrEE)
  3316 | D:3      | Slain by a gnoll

Illustrated notes

Levels and vault maps discovered:
D:1:      dpeg_arrival_lava_altar, layout_basic,
          ebering_ecumenical_altar_abandoned, serial_shops,
          nicolae_shop_statue_plus, glass_columns_b
D:2:      layout_basic
D:3:      layout_rooms, mainiacjoe_overflow_catch_the_wave,
          gammafunk_ghost_gnarly_gnolls

Skill      XL: |  1  2  3  4 |
---------------+-------------+-----
Axes           | 2 3 |  3.4
Armour         | 4 |  4.1
Shields        | 4 |  4.2
Fighting       | 4 |  4.1

Action                   |  1- 3 |  4- 6 || total
-------------------------+-------+-------++-------
Melee: War axe           |    99 |   130 ||   229
  Use: Potion            |       |     5 ||     5
       Scroll            |       |     1 ||     1
Armor: Scale mail        |     8 |       ||     8
       Chain mail        |    64 |   146 ||   210
Dodge: Dodged            |    34 |    54 ||    88
Block: Buckler           |    24 |    39 ||    63
